 Dungeon Crawl Stone Soup version 0.19.1-1-g22dce08 (webtiles) character file.

795 theAP the Cudgeler (level 7, -6/46 HPs)
             Began as a Gargoyle Fighter on Jan 3, 2017.
             Was an Initiate of Ashenzari.
             Killed by divine providence
             ... invoked by an orc priest
              (14 damage)
             ... on level 5 of the Dungeon.
             The game lasted 00:10:37 (3807 turns).

theAP the Cudgeler (Gargoyle Fighter)               Turns: 3807, Time: 00:10:38

Health: -6/46      AC: 14    Str: 21    XL:     7   Next: 89%
Magic:  7/7        EV:  7    Int: 13    God:    Ashenzari [......]
Gold:   283        SH: 14    Dex:  9    Spells: 0 memorised, 6 levels left

rFire  + . .     SeeInvis .     s - +1 whip (venom)
rCold  . . .     Gourm    .     q - +2 scale mail {rF+} (curse)
rNeg   + . .     Faith    .     c - +0 shield (curse)
rPois  ∞         Spirit   .     (no helmet)
rElec  +         Reflect  +     o - +0 cloak
rCorr  .         Harm     .     (no gloves)
MR     .....                    (no boots)
Stlth  ..........               w - +5 amulet of reflection
                                (no ring)
                                g - +4 ring of intelligence

@: no status effects
A: negative energy resistance 1, electricity resistance, unbreathing,
petrification resistance, rot immunity, AC +4
a: Curse Item, Renounce Religion


You were on level 5 of the Dungeon.
You worshipped Ashenzari.
Ashenzari was noncommittal.
You were not hungry.

You visited 2 branches of the dungeon, and saw 6 of its levels.
You also visited: Sewer.

You collected 283 gold pieces.

Inventory:

Hand Weapons
 a - a +1 flail
 s - a +1 whip of venom (weapon)
Armour
 b - a +0 scale mail
 c - a cursed +0 shield (worn)
 o - a +0 cloak (worn)
 q - a cursed +2 scale mail of fire resistance (worn)
Jewellery
 g - a +4 ring of intelligence (left hand)
 w - a +5 amulet of reflection (around neck)
Wands
 t - a wand of heal wounds (5/9)
Scrolls
 h - 2 scrolls of recharging
 k - a scroll of teleportation
 p - 3 scrolls of identify
 y - a scroll of fog {unknown}
Potions
 d - 2 potions of might
 e - a potion of degeneration
 i - 2 potions of mutation {unknown}
 l - a potion of invisibility
 u - a potion of cure mutation {unknown}
 v - 2 potions of curing
Comestibles
 f - 2 bread rations
 m - 2 meat rations
 n - a slice of pizza


   Skills:
 + Level 6.3 Fighting
 * Level 7.1 Maces & Flails
 - Level 3.4 Armour
 - Level 3.5 Shields


You had 6 spell levels left.
You didn't know any spells.

Dungeon Overview and Level Annotations

Branches:
Dungeon (5/15)             Temple (1/1) D:4

Altars:
Ashenzari
Cheibriados
Dithmenos
Elyvilon
Fedhas
Gozag
Hepliaklqana
Makhleb
Nemelex Xobeh
Okawaru
Qazlal
Ru
Sif Muna
Trog
Uskayaw
Xom
Yredelemnul
Zin
The Shining One

Shops:
D:4 =

Portals:
Ossuary: D:5


Innate Abilities, Weirdness & Mutations

You are resistant to torment.
Your stone body is resilient. (AC +4)
You are immune to poison.
You resist negative energy. (rN+)
You are resistant to electric shocks. (rElec)
You can survive without breathing.
You are immune to petrification.
You are immune to rotting.


Message History

You hit the orc.
You kill the orc!
The orc wizard casts a spell at you. The magic dart hits you!
You block the orc priest's attack.
The orc priest hits you but does no damage.
You hit the orc wizard but do no damage.
The orc wizard is poisoned.
The orc wizard points at you and mumbles some strange words.
The magic dart hits you!
The orc priest hits you but does no damage.
The orc priest calls down the wrath of Beogh upon you.
Beogh smites you!
You hit the orc wizard but do no damage.
The orc wizard looks as sick as possible!
The orc wizard points at you and mumbles some strange words.
The magic dart hits you!
* * * LOW HITPOINT WARNING * * *
The orc priest invokes the aid of Beogh against you.
Beogh smites you!
You die...

#... ### #...
.. #..#!.##.
#..#.....
.....∩.
#######....
......(..##.#..
......o@.......
......oo.......
##.......#.....
#..####.# #...
... .# .. #. >#
. . ##


You could see 2 orc priests and an orc wizard.

Vanquished Creatures
  The ghost of dalore the Cudgeler, an amateur MiBe of Trog (D:3)
  The ghost of Adolfin the Chopper, an amateur MiBe of Trog (Sewer)
  A phantom (D:4)
  An ogre (D:4)
  A crocodile (Sewer)
  A hound (D:4)
  2 orc wizards (D:4)
  3 worker ants
  6 adders
  An ooze (D:2)
  An adder skeleton (D:4)
  5 worms
  A dart slug (D:1)
  3 leopard geckos
  7 orcs
  13 bats
  6 giant cockroaches
  12 goblins
  8 hobgoblins
  7 kobolds
  A ball python (D:1)
  3 frilled lizards
  10 rats
95 creatures vanquished.

Notes
Turn   | Place    | Note
-------+----------+-------------------------------------------
     0 | D:1      | theAP the Gargoyle Fighter began the quest for the Orb.
     0 | D:1      | Reached XP level 1. HP: 14/14 MP: 1/1
    78 | D:1      | Reached XP level 2. HP: 19/19 MP: 2/2
   601 | D:1      | Reached XP level 3. HP: 21/24 MP: 3/3
   836 | D:2      | Reached skill level 3 in Maces & Flails
   916 | D:2      | Reached XP level 4. HP: 29/29 MP: 4/4
  1012 | D:2      | Found an opulent altar of Gozag.
  1014 | D:2      | Found a shimmering altar of Xom.
  1018 | D:2      | Found a deep blue altar of Sif Muna.
  1535 | D:3      | Found a glowing drain.
  1562 | Sewer    | Entered a sewer
  1562 | Sewer    | Noticed Adolfin's ghost (amateur MiBe)
  1575 | Sewer    | Killed Adolfin's ghost
  1575 | Sewer    | Reached skill level 4 in Maces & Flails
  1575 | Sewer    | Reached XP level 5. HP: 20/34 MP: 5/5
  1724 | Sewer    | Noticed a crocodile
  1763 | Sewer    | Killed a crocodile
  1763 | Sewer    | Reached skill level 5 in Fighting
  1763 | Sewer    | Reached skill level 5 in Maces & Flails
  1763 | Sewer    | Reached XP level 6. HP: 2/40 MP: 6/6
  2174 | D:3      | Found a shadowy altar of Dithmenos.
  2210 | D:3      | Noticed dalore's ghost (amateur MiBe)
  2237 | D:3      | Killed dalore's ghost
  2316 | D:3      | Reached XP level 7. HP: 38/44 MP: 7/7
  2561 | D:3      | Reached skill level 6 in Maces & Flails
  3003 | D:4      | Found Hewn's Jewellery Emporium.
  3103 | D:4      | Reached skill level 7 in Maces & Flails
  3421 | D:4      | Found a staircase to the Ecumenical Temple.
  3469 | Temple   | Entered the Ecumenical Temple
  3630 | Temple   | Became a worshipper of Ashenzari the Shackled
  3797 | D:5      | Entered Level 5 of the Dungeon
  3797 | D:5      | Found a sand-covered staircase.
  3807 | D:5      | Killed from afar by an orc priest

Skill      XL: |  1  2  3  4  5  6  7 |
---------------+----------------------+-----
Maces & Flails | 3 4 5 7 |  7.1
Fighting       | 4 5 6 |  6.3
Armour         | |  3.4
Shields        | |  3.5

Action                   |  1- 3 |  4- 6 |  7- 9 || total
-------------------------+-------+-------+-------++-------
Melee: Flail             |   151 |   150 |    44 ||   345
       Whip              |       |       |    84 ||    84
Invok: Curse Item        |       |       |     2 ||     2
  Use: Scroll            |     6 |     1 |     2 ||     9
       Potion            |       |     5 |       ||     5
  Eat: Chunk             |       |     6 |     4 ||    10
Armor: Scale mail        |    84 |   116 |    50 ||   250
Dodge: Dodged            |    56 |    68 |    17 ||   141
Block: Shield            |    97 |    97 |    42 ||   236
